 Dungeon Crawl Stone Soup version 0.29-a0-266-gf56f883ddd (webtiles) character file.

Game seed: 17136560539827239371

28 enile the Magician (level 3, -4/29 HPs)
             Began as a Djinni Ice Elementalist on Mar 6, 2022.
             Slain by a gnoll
             ... wielding a +0 spear
              (8 damage)
             ... on level 3 of the Dungeon.
             The game lasted 00:01:58 (1974 turns).

enile the Magician (Djinni Ice Elementalist)        Turns: 1974, Time: 00:01:59

Health: -4/29      AC:  2    Str:  7    XL:     3   Next: 30%
Gold:   32         EV: 12    Int: 18    God:
                   SH:  0    Dex: 13

rFire   + + .      SeeInvis .   (no weapon)
rCold   x . .      Faith    .   (no shield)
rNeg    . . .      Spirit   .   a - +0 robe
rPois   ∞          Reflect  .   (no helmet)
rElec   .          Harm     .   (no cloak)
rCorr   .          Rampage  .   (no gloves)
Will    .....                   (boots unavailable)
Stlth   ++........              (no amulet)
HPRegen 0.09/turn               (no ring)
MPRegen 0.00/turn               (no ring)

@: mighty, about to teleport, weak-willed, flying
A: sickness immunity, fire resistance 2, cold vulnerability 1, float, innate
caster, HP casting, extra vitality 1
a: no special abilities


You were on level 3 of the Dungeon.
You visited 1 branch of the dungeon, and saw 3 of its levels.

You collected 32 gold pieces.

Inventory:

Missiles
 h - 3 poisoned darts
Armour
 a - a +0 robe (worn)
Scrolls
 c - 2 scrolls of enchant armour {unknown}
Potions
 d - a potion of might


   Skills:
 + Level 2.7 Fighting
 - Level 2.1 Dodging
 - Level 1.5 Stealth
 - Level 3.2 Spellcasting


You couldn't memorise any spells.
You knew the following spells:

 Your Spells              Type           Power      Damage    Failure   Level
a - Freeze                Ice            56%        1d7       4%          1
b - Frozen Ramparts       Ice            28%        1d4       12%         3
c - Ozocubu's Armour      Ice            14%        N/A       12%         3
d - Hailstorm             Conj/Ice       14%        3d5       38%         4
e - Sandblast             Erth           28%        2d8       4%          1
Your spell library was empty.

Dungeon Overview and Level Annotations

Branches:
Dungeon (3/15)

Altars:


Innate Abilities, Weirdness & Mutations

You are immune to sickness and miasma.
You are immune to poison.
Your flesh is very heat resistant. (rF++)
You are vulnerable to cold. (rC-)
You float through the air rather than walking.
You learn spells naturally, not from books.
Your magical power is your life essence.
You have superior vitality. (+4 MHP)


Message History

You fly upwards.
The gnoll hits you but does no damage.
There is a stone staircase leading down here.
The gnoll closely misses you. The gnoll barely misses you.
The gnoll closely misses you.
You fly downwards.
There is a stone staircase leading up here.
Casting: Freeze (safe; 4% risk of failure)
Confirm with . or Enter, or press ? or * to list all spells.
Okay, then.
It was a potion of might.
You feel very mighty all of a sudden. The gnoll closely misses you.
The gnoll hits you with a +0 spear!
As you read the scroll labelled LAKHLI LYCA, it crumbles to dust.
It is a scroll of amnesia.
You feel forgetful for a moment. The gnoll barely misses you.
The gnoll hits you with a +0 spear.
As you read the scroll labelled HUEZ SUNEMMAE, it crumbles to dust.
You feel aware of your surroundings.
It was a scroll of magic mapping.
The gnoll hits you with a +0 whip!
* * * LOW HITPOINT WARNING * * *
The gnoll hits you with a +0 spear.
* * * LOW HITPOINT WARNING * * *
Unknown command.
Casting: Freeze (safe; 4% risk of failure)
Confirm with . or Enter, or press ? or * to list all spells.
Okay, then.
As you read the scroll labelled YLLAYXKODIG, it crumbles to dust.
Magic quickly surges around you.
It was a scroll of vulnerability.
The gnoll closely misses you. The gnoll hits you with a +0 spear.
* * * LOW HITPOINT WARNING * * *
Casting: Freeze (safe; 4% risk of failure)
Confirm with . or Enter, or press ? or * to list all spells.
Okay, then.
Casting: Freeze (safe; 4% risk of failure)
Confirm with . or Enter, or press ? or * to list all spells.
Okay, then.
As you read the scroll labelled VOCVI VUABOPRY, it crumbles to dust.
You feel strangely unstable.
It was a scroll of teleportation.
The gnoll barely misses you. The gnoll hits you with a +0 spear!
You die...

*,,* ******* *,,,,,* *,** *...,,*
*,*,*,* *,* *..,,,* *,,,,,* *,*
##..,,,****,,,** *,*
#..,,,,,,,,,*,,* *,*
#..,,,,,,**,,,,* *,**
#.#*,**,,**,**,* *,,**
#g#*,,,,,,,,**,* *,,,*
#@#****,,,,,,,,*
****,***#g#****,,**,**,*
*,,,,,,,#..,,,,,,,,,,,,*
*,**,**,#...,,,,,,,,**,***
*,**,**,#.#..,,,,,,,,,,,,*
********,**,,,,...#.#**,**,**,*,*
,,,,,,,,,,****,#.#*.# *,,,,,,,,,,
>****,,,,,****,###*,# ****,**,*^*
** *,,,,,,,,,,* **,** *,**,*,*


You could see 2 gnolls.

Vanquished Creatures
  An adder (D:2)
  A dart slug (D:1)
  A ball python (D:1)
  3 bats (D:1)
  An endoplasm (D:1)
  A giant cockroach (D:1)
  2 hobgoblins (D:1)
  A frilled lizard (D:1)
  3 goblins (D:1)
  A kobold (D:1)
  2 rats (D:1)
17 creatures vanquished.

Notes
Turn   | Place    | Note
-------+----------+-------------------------------------------
     0 | D:1      | enile the Djinni Ice Elementalist began the quest for the
                  | Orb.
     0 | D:1      | Reached XP level 1. HP: 15/15 MP: 0/0
     1 | D:1      | Noticed an electric eel
    91 | D:1      | Reached skill level 1 in Fighting
   197 | D:1      | Reached XP level 2. HP: 20/22 MP: 0/0
  1484 | D:2      | Reached XP level 3. HP: 22/29 MP: 0/0
  1484 | D:2      | Learned a level 1 spell: Sandblast
  1974 | D:3      | Slain by a gnoll

Illustrated notes

Levels and vault maps discovered:
D:1:      arrival_aquarium_a, layout_basic
D:2:      layout_basic, dreamdust_ecumenical_altar_sealed_demon,
          serial_bayou_pond_c
D:3:      layout_loops_cross

Skill      XL: |  1  2 |
---------------+-------+-----
Fighting       | 1 2 |  2.7
Dodging        | |  2.1
Stealth        | |  1.5
Spellcasting   | |  3.2

Action                   || total
-------------------------++-------
Melee: Unarmed           ||     7
 Cast: Freeze            ||    27
       Ozocubu's Armour  ||     1
       Frozen Ramparts   ||     1
  Use: Scroll            ||     4
       Potion            ||     1
Armor: Robe              ||     9
Dodge: Dodged            ||    18

Table legend: (Time is in decaauts)
 A = Elapsed time spent in this place.
 B = Non-inter-level travel time spent in this place.
 C = Inter-level travel time spent in this place.
 D = Time resting spent in this place.
 E = Time spent auto-exploring this place.
 F = Levels seen in this place.
 G = Mean time per level.
                   A        B        C        D        E       F      G
               +--------+--------+--------+--------+--------+-----+--------+
         Total |   1974 |   1923 |     51 |    632 |   1126 |   3 |  658.0 |
       Dungeon |   1974 |   1923 |     51 |    632 |   1126 |   3 |  658.0 |
               +--------+--------+--------+--------+--------+-----+--------+

Top non-repeatable levels by time:
     D:1: 1450 daAuts
     D:3: 327 daAuts
     D:2: 197 daAuts
